 Dungeon Crawl Stone Soup version 0.20.0-15-g7f486f2 (webtiles) character file.

3255 FeralThallid the Slicer (level 10, -1/76 HPs)
             Began as a Human Fighter on June 15, 2017.
             Was a Priest of Dithmenos.
             Slain by a hippogriff (4 damage)
             ... on level 8 of the Dungeon.
             The game lasted 02:01:06 (5755 turns).

FeralThallid the Slicer (Human Fighter)             Turns: 5755, Time: 02:01:06

Health: -1/76      AC: 21    Str: 25    XL:     10   Next: 19%
Magic:  10/10      EV:  7    Int:  8    God:    Dithmenos [***...]
Gold:   363        SH: 13    Dex: 13    Spells: 2/9 levels left

rFire    . . .     SeeInvis .   p - +3 rapier (protect)
rCold    . . .     Gourm    .   u - +2 shield
rNeg     . . .     Faith    .   l - +0 plate armour
rPois    .         Spirit   .   m - +0 helmet
rElec    .         Reflect  .   (no cloak)
rCorr    .         Harm     .   (no gloves)
MR       +....                  (no boots)
Stlth    ..........             (no amulet)
Regen    0.3/turn               c - ring of wizardry
MPRegen  0.2/turn               y - ring of protection from magic

@: mighty, protection aura, hasted, wreathed by umbra, very quick
A: no striking features
a: Shadow Step, Renounce Religion


You were on level 8 of the Dungeon.
You worshipped Dithmenos.
Dithmenos was most pleased with you.
You were not hungry.

You visited 2 branches of the dungeon, and saw 9 of its levels.

You collected 363 gold pieces.

Inventory:

Hand Weapons
 o - a +0 dagger of venom
 p - a +3 rapier of protection (weapon)
 x - a +1 mace of protection
 A - a +0 shortbow
Missiles
 b - 164 arrows
 g - 81 bolts
Armour
 a - a +0 scale mail
 l - a +0 plate armour (worn)
 m - a +0 helmet (worn)
 u - a +2 shield (worn)
Magical Staves
 r - an uncursed staff of poison
Jewellery
 c - a ring of wizardry (left hand)
 s - an uncursed ring of resist corrosion
 y - a ring of protection from magic (right hand)
Wands
 q - a wand of acid (2/15)
Scrolls
 n - 3 scrolls of remove curse
 z - 3 scrolls of identify
Potions
 d - a potion of might
 e - 2 potions of invisibility
 k - a potion of curing
 t - a potion of cancellation
Books
 v - a book of Geomancy

   Spells                             Type                      Level
   a - Sandblast                      Earth                        1
   b - Passwall                       Transmutation/Earth          2
   c - Stone Arrow                    Conjuration/Earth            3
   d - Petrify                        Transmutation/Earth          4
   e - Lee's Rapid Deconstruction     Earth                        5
Comestibles
 f - 8 bread rations
 j - 12 royal jellies
 B - a meat ration


   Skills:
 + Level 5.6 Fighting
 + Level 8.1(8.3) Short Blades
   Level 2.6(5.8) Long Blades
 + Level 6.7 Armour
 + Level 3.1 Dodging
 + Level 0.9 Stealth
 + Level 7.3 Shields


You had 2 spell levels left.
You knew the following spells:

 Your Spells              Type           Power        Failure   Level  Hunger
a - Stone Arrow           Conj/Erth      #.....       100%        3    ####...
b - Petrify               Tmut/Erth      #.......     100%        4    #####..


Dungeon Overview and Level Annotations

Branches:
Dungeon (8/15)             Temple (1/1) D:7
   Lair: D:8-11

Altars:
Ashenzari
Cheibriados
Dithmenos
Elyvilon
Fedhas
Gozag
Hepliaklqana
Kikubaaqudgha
Makhleb
Nemelex Xobeh
Okawaru
Qazlal
Ru
Trog
Uskayaw
Vehumet
Xom
Yredelemnul
Zin
The Shining One


Message History

The hippogriff barely misses you.
You puncture the hippogriff!
Your weapon exudes an aura of protection.
The hippogriff is lightly wounded.
The hippogriff bites you.
* * * LOW HITPOINT WARNING * * *
The hippogriff pecks you but does no damage.
You block the hippogriff's attack.
Your shield and plate armour prevent you from hitting the hippogriff.
The hippogriff is lightly wounded.
You hit the hippogriff.
The hippogriff is lightly wounded.
You block the hippogriff's attack. x3
You puncture the hippogriff!
The hippogriff is moderately wounded.
Okay, then.
You feel very mighty all of a sudden. You block the hippogriff's attack.
The hippogriff barely misses you. The hippogriff claws you.
You die...

.. #.### #...## ###+##
#....### #......
+...... ..
#.....###.....## ...
#...........#..# ....
+.......#.#<...##....
#.....#@#.###........
#.....#H#...#...##.....
#.....#o........####...
#)....#$...............
#..(...>........)..).._
####+###..#.....#.....
#....#.##).#.....
....##.#...........
.... ..#....... ..


You could see a hippogriff and an orc warrior.

Vanquished Creatures
  A hippogriff (D:7)
  Sigmund (D:3)
  A yak (D:7)
  3 hogs (D:7)
  A human (D:7)
  Duvessa (D:4)
  A sky beast (D:7)
  2 phantoms
  An ogre (D:4)
  3 centaurs
  A crocodile (D:5)
  A bullfrog (D:7)
  Blork the orc (D:6)
  Dowan (D:4)
  2 scorpions (D:5)
  A wight (D:8)
  A howler monkey (D:5)
  3 crimson imps
  A quasit (D:7)
  A centaur zombie (D:7)
  2 jellies (D:5)
  A gnoll shaman (D:6)
  2 orc priests
  2 hounds
  Crazy Yiuf (D:6)
  2 iguanas (D:4)
  8 orc wizards
  Natasha (twice) (D:3)
  3 worker ants
  A worker ant zombie (D:5)
  Robin (D:3)
  4 gnolls (D:6)
  10 adders
  A shadow imp (D:6)
  3 oozes
  2 adder zombies (D:5)
  An adder skeleton (D:4)
  2 worms
  3 dart slugs
  5 leopard geckos
  19 orcs
  2 ball pythons
  2 bats
  3 giant cockroaches
  16 goblins
  7 hobgoblins
  9 jackals
  8 kobolds
  A quokka (D:7)
  3 frilled lizards
  A leopard gecko zombie (D:5)
  A quokka skeleton (D:5)
  5 rats
161 creatures vanquished.

Vanquished Creatures (others)
  An orc (D:5)
1 creature vanquished.

Grand Total: 162 creatures vanquished

Notes
Turn   | Place    | Note
-------+----------+-------------------------------------------
     0 | D:1      | FeralThallid the Human Fighter began the quest for the Orb.
     0 | D:1      | Reached XP level 1. HP: 18/18 MP: 1/1
   190 | D:1      | Reached XP level 2. HP: 23/24 MP: 2/2
   388 | D:1      | Reached XP level 3. HP: 29/29 MP: 3/3
  1023 | D:2      | Reached XP level 4. HP: 16/35 MP: 4/4
  1417 | D:3      | Noticed Natasha
  1427 | D:3      | Killed Natasha
  1438 | D:3      | Noticed Sigmund
  1449 | D:3      | Reached XP level 5. HP: 31/41 MP: 5/5
  1520 | D:3      | Found a shadowy altar of Dithmenos.
  1534 | D:3      | Became a worshipper of Dithmenos the Shadowed
  1682 | D:3      | Noticed Natasha
  1699 | D:3      | Killed Natasha
  1699 | D:3      | Reached skill level 1 in Dodging
  1717 | D:3      | Killed Sigmund
  1717 | D:3      | Reached skill level 2 in Short Blades
  1717 | D:3      | Reached XP level 6. HP: 26/48 MP: 6/6
  1889 | D:3      | Noticed Robin
  1899 | D:3      | Killed Robin
  2135 | D:4      | Noticed an ogre
  2150 | D:4      | Killed an ogre
  2150 | D:4      | Reached XP level 7. HP: 25/53 MP: 7/7
  2154 | D:4      | Noticed Duvessa
  2158 | D:4      | Noticed Dowan
  2288 | D:4      | Reached skill level 3 in Short Blades
  2313 | D:4      | Reached * piety under Dithmenos
  2343 | D:4      | Found a burning altar of Makhleb.
  2346 | D:4      | Found a glowing silver altar of Zin.
  2347 | D:4      | Noticed a balrug
  2347 | D:4      | Noticed an angel
  2478 | D:4      | Killed Duvessa
  2481 | D:4      | Killed Dowan
  2481 | D:4      | Reached skill level 4 in Short Blades
  2627 | D:4      | Reached skill level 5 in Armour
  2682 | D:4      | Found a white marble altar of Elyvilon.
  2840 | D:5      | Entered Level 5 of the Dungeon
  2871 | D:5      | Reached XP level 8. HP: 51/60 MP: 8/8
  3061 | D:5      | Reached skill level 5 in Short Blades
  3327 | D:5      | Reached ** piety under Dithmenos
  3456 | D:5      | Found an opulent altar of Gozag.
  3795 | D:5      | Reached skill level 5 in Shields
  3941 | D:5      | Reached skill level 6 in Short Blades
  3989 | D:6      | Reached XP level 9. HP: 53/66 MP: 9/9
  4119 | D:6      | Learned a level 3 spell: Stone Arrow
  4124 | D:6      | Learned a level 4 spell: Petrify
  4197 | D:6      | Found a runed door.
  4201 | D:6      | Noticed Crazy Yiuf
  4208 | D:6      | Killed Crazy Yiuf
  4262 | D:6      | Noticed Blork the orc
  4275 | D:6      | Killed Blork the orc
  4296 | D:6      | Found a white marble altar of Elyvilon.
  4779 | D:7      | Found a glowing golden altar of the Shining One.
  4798 | D:7      | Found an ancient bone altar of Kikubaaqudgha.
  4798 | D:7      | Found a bloodstained altar of Trog.
  4798 | D:7      | Found a shimmering altar of Xom.
  4801 | D:7      | Found a sparkling altar of Nemelex Xobeh.
  4802 | D:7      | Found a white marble altar of Elyvilon.
  4956 | D:7      | Found a staircase to the Ecumenical Temple.
  4998 | D:7      | Noticed a hippogriff
  5007 | D:7      | Reached skill level 5 in Fighting
  5007 | D:7      | Reached skill level 7 in Short Blades
  5037 | D:7      | Killed a hippogriff
  5037 | D:7      | Reached *** piety under Dithmenos
  5048 | Temple   | Entered the Ecumenical Temple
  5542 | D:7      | Reached XP level 10. HP: 33/74 MP: 10/10
  5608 | D:7      | Reached skill level 8 in Short Blades
  5671 | D:8      | Found a radiant altar of Vehumet.
  5751 | D:8      | HP: 2/76 [hippogriff (4)]
  5755 | D:8      | Slain by a hippogriff

Skill      XL: |  1  2  3  4  5  6  7  8  9 10 |
---------------+-------------------------------+-----
Dodging        | 1 2 3 |  3.1
Short Blades   | 2 4 6 7 8 |  8.1
Armour         | 4 5 6 |  6.7
Shields        | 4 5 7 |  7.3
Fighting       | 4 5 |  5.6
Long Blades    | |  2.6
Stealth        | |  0.9

Action                   |  1- 3 |  4- 6 |  7- 9 | 10-12 || total
-------------------------+-------+-------+-------+-------++-------
Melee: Long sword        |    90 |     5 |       |       ||    95
       Rapier            |       |   124 |   525 |    58 ||   707
  Use: Scroll            |     2 |     3 |    10 |     2 ||    17
       Potion            |       |     3 |     4 |     3 ||    10
  Eat: Meat ration       |       |     1 |     2 |       ||     3
       Bread ration      |       |       |     1 |       ||     1
Armor: Scale mail        |    46 |    60 |    76 |       ||   182
       Plate armour      |       |       |   200 |    27 ||   227
Dodge: Dodged            |    28 |    36 |   152 |    16 ||   232
Block: Shield            |    45 |    48 |   368 |    29 ||   490
       Rpst.: Long sword |    11 |       |       |       ||    11
